 Dungeon Crawl Stone Soup version 0.18.1-8-gdd0e5ea (webtiles) character file.

17833 Gargoyl the Protected (level 12, -5/73 HPs)
             Began as a Demonspawn Abyssal Knight on June 4, 2016.
             Was the Champion of Lugonu.
             Slain by a spiny frog (9 damage)
             ... on level 3 of the Lair of Beasts.
             The game lasted 00:39:51 (14434 turns).

Gargoyl the Protected (Demonspawn Abyssal Knight)  Turns: 14434, Time: 00:39:52

Health: -5/73      AC: 27    Str: 22    XL:     12   Next: 22%
Magic:  14/14      EV:  9    Int: 21    God:    Lugonu [******]
Gold:   563        SH:  0    Dex: 12    Spells: 0 memorised, 11 levels left

rFire  + + .     SeeInvis .     a - +2 hand axe
rCold  + . .     Gourm    .     w - +6 chain mail of the Other Side {Int+7}
rNeg   . . .     Faith    .     h - +2 shield
rPois  .         Spirit   .     (helmet unavailable)
rElec  .         Dismiss  .     (no cloak)
rCorr  .         Reflect  .     d - +2 pair of gloves
SustAt .         Harm     .     G - +0 pair of boots
MR     .....                    C - amulet of regeneration
Stlth  ..........               H - +4 ring of protection
                                p - +4 ring of strength

@: confused, lethally poisoned (-5 -> -7), not resistant to hostile
enchantments, extremely unstealthy
A: claws 2, hooves 1, horns 3, blurry vision 1, cold resistance 1, demonic
guardian 1, fire resistance 2, frail 2, sense surroundings 1, regeneration 1
a: Depart the Abyss, Bend Space, Banish, Corrupt, Enter the Abyss, Brand Weapon
With Distortion, Renounce Religion


You were on level 3 of the Lair of Beasts.
You worshipped Lugonu.
Lugonu was exalted by your worship.
You were not hungry.

You visited 2 branches of the dungeon, and saw 13 of its levels.
You visited the Abyss 1 time.

You collected 763 gold pieces.
You spent 200 gold pieces at shops.

Inventory:

Hand Weapons
 a - a +2 hand axe (weapon)
 u - a +2 flail of draining
Missiles
 b - 16 tomahawks (quivered)
Armour
 d - a +2 pair of gloves (worn)
 h - a +2 shield (worn)
 w - the +6 chain mail of the Other Side (worn) {Int+7}
   (You acquired it on level 2 of the Lair of Beasts)

   It affects your intelligence (+7).
 G - a +0 pair of boots (worn)
Jewellery
 p - a +4 ring of strength (left hand)
 B - an uncursed ring of ice
 C - an amulet of regeneration (around neck)
 H - a +4 ring of protection (right hand)
 M - an uncursed ring of resist corrosion
 N - a +2 amulet of reflection
Wands
 e - a wand of random effects (23/48)
 k - a wand of lightning (4/15)
 o - a wand of enslavement (12/24)
 q - a wand of confusion (31/48)
 r - a wand of acid (6/15)
 t - a wand of acid (6/15)
 A - a wand of slowing (39/48)
 D - a wand of slowing (18/48)
 F - a wand of iceblast (9/15)
 I - a wand of flame (29/48)
Scrolls
 j - 3 scrolls of remove curse
 s - 4 scrolls of teleportation
 v - 3 scrolls of magic mapping
 z - 2 scrolls of amnesia
 J - a scroll of blinking
 P - a scroll of identify
Potions
 i - 2 potions of lignification
 m - a potion of magic {unknown}
 x - 2 potions of curing
 O - a potion of agility {unknown}
Books
 E - a book of Cantrips

   Spells                             Type                      Level
   a - Corona                         Hexes                        1
   b - Animate Skeleton               Necromancy                   1
   c - Summon Small Mammal            Summoning                    1
   d - Apportation                    Translocation                1
Comestibles
 c - 3 bread rations
 f - 4 meat rations
 g - 5 slices of pizza
 l - a royal jelly


   Skills:
 + Level 7.6 Fighting
 + Level 8.2 Axes
   Level 0.1(5.0) Polearms
 + Level 0.8 Throwing
 * Level 11.4 Armour
 + Level 4.7 Dodging
 + Level 1.8 Stealth
 + Level 9.1 Shields
 + Level 3.5 Invocations


You had 11 spell levels left.
You didn't know any spells.

Dungeon Overview and Level Annotations

Branches:
Dungeon (9/15)             Temple (0/1) D:7            Lair (4/8) D:8
  Swamp: Lair:3-6    Shoals: Lair:3-6     Snake: Lair:3-6    Spider: Lair:3-6
    Orc: D:9-12

Altars:
Elyvilon
Fedhas
Gozag
Kikubaaqudgha
Nemelex Xobeh
Okawaru
Pakellas
Qazlal
Sif Muna
Yredelemnul
Zin
The Shining One

Shops:
D:4 *   D:8 :


Innate Abilities, Weirdness & Mutations

You have very sharp fingernails.
You have large cloven feet.
You have a pair of large horns on your head.
A weak demonic guardian rushes to your aid.
Your flesh is very heat resistant.
Scrolls take you a little longer to read.
Your flesh is cold resistant.
You are very frail (-20% HP).
You passively map a small area around you.
Your natural rate of healing is unusually fast.


Message History

You are poisoned.
The black mamba poisons you!
Your ufetubus closely misses the black mamba. x2
You feel sick. The black mamba bites you.
* * * LOW HITPOINT WARNING * * *
The spiny frog stings you but does no damage.
Your crimson imp hits the spiny frog but does no damage.
The black mamba bites you but does no damage.
Your ufetubus hits the spiny frog but does no damage. x2
Your ufetubus misses the black mamba.
Your ufetubus barely misses the black mamba.
The spiny frog barely misses you.
You feel sick. The black mamba bites you!
* * * LOW HITPOINT WARNING * * *
Your ufetubus hits the spiny frog but does no damage. x2
Your ufetubus hits the black mamba but does no damage.
Your ufetubus completely misses the black mamba.
Your crimson imp closely misses the spiny frog.
The black mamba closely misses you. The spiny frog stings you!
You die...

#..# #...............#....# ...#
##............?...#..## #..###
#....................# #....#
##...................#
...PP#####...................#
#..###..##...................####
...................##....##.....#
#..............5S5.#.#...P#P..###
#..............F@....#...###..#
#............##P5...##...###..###
.............##.P..............#.
.............##..........#.P.....
...........<.##.}#..##....##.....
.............###.######..#.#.....
.............###.# #..##..###.
#............##..# #..###...##
P................### #....[..#..


You could see a black mamba, a spiny frog, a friendly crimson imp and 2 friendly
ufetubi.

Vanquished Creatures
  2 hydras
  Harold (Lair:1)
  An oklob plant (Lair:1)
  5 spiny frogs
  A rime drake (Lair:1)
  2 komodo dragons
  A troll (D:9)
  8 blink frogs
  16 yaks
  A basilisk (Lair:3)
  2 hippogriffs
  The ghost of Rose the Chiller, an amateur HuIE (D:4)
  Edmund (D:5)
  10 water moccasins
  7 porcupines
  2 orc warriors
  3 black bears
  2 sky beasts
  A phantom (D:8)
  8 ogres
  3 wolves (Lair:2)
  4 centaurs
  5 crocodiles
  A big kobold (D:8)
  Blork the orc (D:5)
  6 giant frogs
  2 scorpions (D:8)
  A howler monkey (D:6)
  3 crimson imps
  A giant frog zombie (D:7)
  3 quasits
  7 hounds
  3 orc priests
  A gnoll shaman (D:5)
  5 jellies
  3 giant frog skeletons
  9 orc wizards
  12 iguanas
  A hell rat (D:7)
  2 worker ants (D:5)
  10 sheep
  A hound zombie (D:8)
  A howler monkey zombie (D:5)
  A worker ant zombie (D:8)
  5 gnolls (D:5)
  61 river rats
  18 adders
  4 shadow imps
  17 oozes (Lair:1)
  5 adder skeletons
  7 worms
  A dart slug (D:5)
  3 giant geckos
  34 orcs
  6 bats
  6 giant cockroaches
  8 goblins
  5 hobgoblins
  8 jackals
  3 quokkas
  3 ball pythons
  3 giant newts
  9 kobolds
  26 rats
  A fungus (Lair:3)
394 creatures vanquished.

Vanquished Creatures (collateral kills)
  A catoblepas (Lair:4)
  Psyche (D:9)
  Joseph (D:7)
  A komodo dragon (Lair:1)
  A blink frog (Lair:3)
  Sigmund (D:3)
  2 yaks
  Duvessa (D:5)
  An orc warrior (D:6)
  2 wolves (Lair:2)
  2 giant frogs
  Dowan (D:5)
  2 crimson imps
  2 jellies (Lair:1)
  An orc priest (D:4)
  An iguana (Lair:3)
  An orc wizard (D:9)
  A worker ant (D:8)
  A sheep (Lair:3)
  2 river rats
  An adder (D:3)
  An ooze (Lair:1)
  3 orcs
  A quokka (D:7)
32 creatures vanquished.

Vanquished Creatures (others)
  A river rat (Lair:4)
  7 fungi
  A plant (Lair:2)
9 creatures vanquished.

Grand Total: 435 creatures vanquished

Notes
Turn   | Place    | Note
--------------------------------------------------------------
     0 | Abyss:1  | Gargoyl the Demonspawn Abyssal Knight began the quest for the Orb.
     0 | Abyss:1  | Reached XP level 1. HP: 18/18 MP: 2/2
    38 | Abyss:1  | Noticed a neqoxec
    38 | Abyss:1  | Noticed a chaos spawn
    39 | D:1      | Escaped the Abyss
   312 | D:1      | Gained mutation: You have sharp fingernails. [demonic ancestry]
   312 | D:1      | Reached XP level 2. HP: 18/24 MP: 4/4
   726 | D:1      | Reached skill level 2 in Armour
   873 | D:2      | Reached * piety under Lugonu
   873 | D:2      | Reached skill level 1 in Dodging
  1006 | D:2      | Gained mutation: A weak demonic guardian rushes to your aid. [demonic ancestry]
  1006 | D:2      | Reached XP level 3. HP: 29/29 MP: 5/5
  1053 | D:2      | Found an oddly glowing altar of Pakellas.
  1310 | D:2      | Found a sparkling altar of Nemelex Xobeh.
  1854 | D:2      | Found an opulent altar of Gozag.
  2073 | D:3      | Found an iron altar of Okawaru.
  2089 | D:3      | Noticed Sigmund
  2098 | D:3      | Killed Sigmund
  2098 | D:3      | Reached skill level 3 in Armour
  2098 | D:3      | Gained mutation: You have large cloven feet. [demonic ancestry]
  2098 | D:3      | Reached XP level 4. HP: 17/37 MP: 6/6
  2098 | D:3      | Gained mutation: You have very sharp fingernails. [demonic ancestry]
  2098 | D:3      | Reached XP level 5. HP: 20/42 MP: 7/7
  2578 | D:3      | Reached ** piety under Lugonu
  2820 | D:3      | Found an iron altar of Okawaru.
  3030 | D:3      | Found a deep blue altar of Sif Muna.
  3225 | D:4      | Gained mutation: You have a pair of small horns on your head. [demonic ancestry]
  3225 | D:4      | Reached XP level 6. HP: 47/48 MP: 8/8
  3282 | D:4      | Noticed Rose's ghost (amateur HuIE)
  3301 | D:4      | Gained mutation: You occasionally shout uncontrollably at your foes. [potion of mutation]
  3301 | D:4      | Lost mutation: You occasionally shout uncontrollably at your foes. [potion of mutation]
  3301 | D:4      | Gained mutation: You have a pair of horns on your head. [potion of mutation]
  3312 | D:4      | Killed Rose's ghost
  3312 | D:4      | Reached skill level 4 in Armour
  3882 | D:4      | Reached XP level 7. HP: 17/55 MP: 9/9
  4148 | D:4      | Found a stormy altar of Qazlal.
  4157 | D:4      | Found a blossoming altar of Fedhas.
  4414 | D:4      | Reached skill level 5 in Armour
  4624 | D:4      | Found Yffewnih's Assorted Antiques.
  4631 | D:4      | Bought an agate ring for 100 gold pieces
  4631 | D:4      | Bought a glass ring for 100 gold pieces
  4811 | D:5      | Entered Level 5 of the Dungeon
  4828 | D:5      | Gained mutation: Your flesh is heat resistant. [mutagenic meat]
  4829 | D:5      | Gained mutation: Your natural rate of healing is unusually fast. [mutagenic meat]
  4830 | D:5      | Lost mutation: Your natural rate of healing is unusually fast. [mutagenic meat]
  5526 | D:5      | Reached *** piety under Lugonu
  5863 | D:5      | Reached skill level 6 in Armour
  5890 | D:5      | Reached XP level 8. HP: 34/61 MP: 10/10
  6111 | D:5      | Noticed Blork the orc
  6119 | D:5      | Killed Blork the orc
  6157 | D:5      | Noticed Edmund
  6172 | D:5      | Killed Edmund
  6172 | D:5      | Reached skill level 5 in Fighting
  6172 | D:5      | Reached skill level 1 in Shields
  6605 | D:5      | Noticed Duvessa
  6605 | D:5      | Noticed Dowan
  6615 | D:5      | Killed Duvessa
  6623 | D:5      | Killed Dowan
  6623 | D:5      | Reached skill level 7 in Armour
  7013 | D:6      | Found an ancient bone altar of Kikubaaqudgha.
  7086 | D:6      | Found a basalt altar of Yredelemnul.
  7226 | D:6      | Reached **** piety under Lugonu
  7766 | D:7      | Reached skill level 5 in Axes
  7766 | D:7      | Gained mutation: You have a pair of large horns on your head. [demonic ancestry]
  7766 | D:7      | Reached XP level 9. HP: 68/68 MP: 11/11
  7967 | D:7      | Noticed Joseph
  7981 | D:7      | Killed Joseph
  7999 | D:7      | Reached ***** piety under Lugonu
  8008 | D:7      | Found a staircase to the Ecumenical Temple.
  8017 | D:7      | Reached skill level 8 in Armour
  8327 | D:7      | Reached skill level 1 in Stealth
  8443 | D:8      | Found a staircase to the Lair.
  8559 | D:8      | Found Lumuohux's Book Shoppe.
  8796 | D:8      | Found a sparkling altar of Nemelex Xobeh.
  9248 | D:9      | Noticed a troll
  9264 | D:9      | Killed a troll
  9315 | D:9      | Reached skill level 5 in Shields
  9378 | D:9      | Reached XP level 10. HP: 64/76 MP: 12/12
  9382 | D:9      | Gained mutation: Your natural rate of healing is unusually fast. [mutagenic meat]
  9383 | D:9      | Gained mutation: You are frail (-10% HP). [mutagenic meat]
  9385 | D:9      | Gained mutation: You passively map a small area around you. [mutagenic meat]
  9386 | D:9      | Gained mutation: You are very frail (-20% HP). [mutagenic meat]
  9387 | D:9      | Gained mutation: Scrolls take you a little longer to read. [mutagenic meat]
  9389 | D:9      | Gained mutation: Your flesh is cold resistant. [potion of beneficial mutation]
  9468 | D:9      | Noticed Psyche
  9479 | D:9      | Killed Psyche
  9593 | D:9      | Reached ****** piety under Lugonu
  9744 | D:9      | Reached skill level 9 in Armour
  9928 | D:9      | Found a glowing golden altar of the Shining One.
  9929 | D:9      | Found a glowing silver altar of Zin.
  9930 | D:9      | Found a white marble altar of Elyvilon.
 10150 | Lair:1   | Entered Level 1 of the Lair of Beasts
 10318 | Lair:1   | Noticed Harold
 10352 | Lair:1   | Killed Harold
 10561 | Lair:1   | Noticed a spiny frog
 10572 | Lair:1   | Killed a spiny frog
 10667 | Lair:1   | Noticed an oklob plant
 10712 | Lair:1   | Reached skill level 10 in Armour
 10760 | Lair:1   | Killed an oklob plant
 10965 | Lair:1   | Noticed a spiny frog
 10974 | Lair:1   | Killed a spiny frog
 11027 | Lair:1   | Gained mutation: Your flesh is very heat resistant. [demonic ancestry]
 11027 | Lair:1   | Reached XP level 11. HP: 62/65 MP: 13/13
 11551 | Lair:2   | Identified a scroll of acquirement
 11551 | Lair:2   | Got an encrusted chain mail
 11562 | Lair:2   | Identified the +6 chain mail of the Other Side {Int+7} (You acquired it on level 2 of the Lair of Beasts)
 12769 | Lair:2   | Noticed an eight-headed hydra
 12783 | Lair:2   | Killed an eight-headed hydra
 12783 | Lair:2   | Reached skill level 11 in Armour
 13069 | Lair:3   | Noticed a seven-headed hydra
 13084 | Lair:3   | Killed an eight-headed hydra
 13440 | Lair:3   | Reached XP level 12. HP: 26/72 MP: 14/14
 14123 | Lair:4   | Noticed a catoblepas
 14179 | Lair:4   | Killed a catoblepas
 14434 | Lair:3   | Slain by a spiny frog

Skill      XL: |  1  2  3  4  5  6  7  8  9 10 11 12 |
---------------+-------------------------------------+-----
Armour         | 2 3 4 6 7 8 10 11 | 11.4
Dodging        | 1 2 3 4 |  4.7
Axes           | 2 3 4 5 6 7 8 |  8.2
Invocations    | 3 |  3.5
Fighting       | 4 5 6 7 |  7.6
Shields        | 2 5 6 8 9 |  9.1
Stealth        | 1 |  1.8
Polearms       | |  0.1
Throwing       | |  0.8

Action                   |  1- 3 |  4- 6 |  7- 9 | 10-12 || total
-------------------------+-------+-------+-------+-------++-------
Melee: Hand axe          |   104 |   191 |   647 |   891 ||  1833
       Kick              |       |    40 |   146 |       ||   186
       Headbutt          |       |    15 |   133 |   197 ||   345
       Trident           |       |       |       |    12 ||    12
       Flail             |       |       |       |     9 ||     9
Throw: Tomahawk          |       |       |     5 |    14 ||    19
Invok: Depart the Abyss  |     1 |       |       |       ||     1
       Banish            |       |       |       |     4 ||     4
       Bend Space        |       |       |       |     1 ||     1
  Use: Potion            |     2 |     5 |       |     6 ||    13
       Scroll            |       |       |    18 |    15 ||    33
 Stab: Distracted        |       |       |     2 |    11 ||    13
  Eat: Chunk             |     3 |     7 |    22 |    11 ||    43
       Fruit             |       |       |       |    14 ||    14
       Beef jerky        |       |       |       |     2 ||     2
Armor: Ring mail         |    22 |       |       |       ||    22
       Scale mail        |    15 |       |       |       ||    15
       Chain mail        |    37 |   127 |   133 |   432 ||   729
       Skin              |       |     2 |       |       ||     2
       Plate armour      |       |       |   308 |   220 ||   528
Dodge: Dodged            |    42 |    70 |   148 |   346 ||   606
Block: Shield            |       |       |   299 |   788 ||  1087
